 Dungeon Sprint DCSS version 0.23-a0-175-g97aacdb306 (webtiles) character file.

143 ICC the Cutter (level 5, 0/28 HPs)
             Began as a Vine Stalker Fighter on Sept 17, 2018.
             Was an Initiate of Sif Muna.
             Slain by a two-headed ogre
             ... wielding a +0 giant spiked club
              (8 damage)
             ... in the Dungeon (Sprint IX: "|||||||||||||||||||||||||||||").
             The game lasted 00:02:20 (127 turns).

ICC the Cutter (Vine Stalker Fighter)                Turns: 127, Time: 00:02:22

Health: 0/28       AC: 11    Str: 18    XL:     5   Next: 25%
Magic:  0/13       EV: 11    Int:  8    God:    Sif Muna [......]
Gold:   0          SH:  9    Dex: 15    Spells: 13/13 levels left

rFire    . . .     SeeInvis .   w - +2 rapier (drain)
rCold    . . .     Gourm    .   c - +0 shield
rNeg     . . .     Faith    .   b - +0 scale mail
rPois    .         Spirit   +   (no helmet)
rElec    .         Reflect  .   a - +0 cloak
rCorr    .         Harm     .   p - +0 pair of gloves
MR       .....     NoTele   +   (no boots)
Stlth    ..........             (no amulet)
HPRegen  0.49/turn              q - +2 ring of protection
MPRegen  0.13/turn              r - +2 ring of evasion

@: very slightly contaminated, invisible
A: fangs 2, regeneration 1, magic shield, antimagic bite, no potion heal 3, rot
immunity
a: Renounce Religion


You were in the Dungeon.
You worshipped Sif Muna.
Sif Muna was noncommittal.
You were not hungry.

You visited 1 branch

Inventory:

Hand Weapons
 w - a +2 rapier of draining (weapon)
Armour
 a - a +0 cloak (worn)
 b - a +0 scale mail (worn)
 c - a +0 shield (worn)
 p - a +0 pair of gloves (worn)
Magical Staves
 o - an uncursed staff of energy
Jewellery
 q - a +2 ring of protection (left hand)
 r - a +2 ring of evasion (right hand)
Wands
 n - a wand of acid (9)
Scrolls
 j - 3 scrolls of remove curse
 k - 2 scrolls of blinking
 m - 2 scrolls of amnesia
Potions
 d - a potion of might
 e - 5 potions of curing
 h - a potion of haste
 i - 4 potions of magic
Comestibles
 f - a ration
 l - 6 chunks of flesh


   Skills:
 - Level 3.1 Fighting
 - Level 6.1 Short Blades
 - Level 3.4 Armour
 - Level 3.4 Dodging
 - Level 3.0 Shields
 + Level 4.8 Spellcasting


You had 13 spell levels left.
You didn't know any spells.
Your spell library was empty.

Dungeon Overview and Level Annotations

Branches:
Dungeon (1/1)

Altars:
Cheibriados
Dithmenos
Elyvilon
Fedhas
Gozag
Hepliaklqana
Kikubaaqudgha
Makhleb
Nemelex Xobeh
Okawaru
Qazlal
Ru
Sif Muna
Trog
Uskayaw
Vehumet
Wu Jian
Xom
Yredelemnul
Zin
The Shining One
Beogh
Jiyva
Lugonu


Innate Abilities, Weirdness & Mutations

You have extremely sharp teeth.
Your natural rate of healing is unusually fast.
When hurt, damage is shared between your health and your magic reserves.
Your bite disrupts and absorbs the magic of your enemies.
Potions cannot restore your health.
You are immune to rotting.


Message History

You have reached level 5!
You puncture the two-headed ogre!
The two-headed ogre is moderately wounded.
The two-headed ogre hits you with a giant spiked club! x2
* * * LOW HITPOINT WARNING * * *
You fade into invisibility!
You are very lightly contaminated with residual magic.
You strike the helpless two-headed ogre from behind!
You puncture the two-headed ogre! You bite the two-headed ogre.
You drain its power.
You feel invigorated.
The two-headed ogre is heavily wounded.
You block the two-headed ogre's attack. x2
You catch the helpless two-headed ogre completely off-guard!
You impale the two-headed ogre!! You bite the two-headed ogre.
You drain its power.
You feel invigorated.
The two-headed ogre is almost dead.
The two-headed ogre is no longer covered in acid.
You block the two-headed ogre's attack.
The two-headed ogre hits you with a giant spiked club!
You die...

▓.▓
▓.▓
▓5▓
▓S▓
▓O▓
▓a▓
▓O▓
▓@▓
▓.▓
▓[▓
▓.▓
▓.▓
▓)▓
▓.▓
▓.▓
▓!▓


You could see a two-headed ogre, an ogre, a worker ant, a crimson imp and an
adder.

Vanquished Creatures
  A scorpion (D)
  A jelly (D)
  2 iguanas (D)
  An ooze (D)
  2 leopard geckos (D)
  A bat (D)
  A hobgoblin (D)
  A jackal (D)
  A kobold (D)
11 creatures vanquished.

Notes
Turn   | Place    | Note
-------+----------+-------------------------------------------
     0 | D        | ICC the Vine Stalker Fighter began the quest for the Orb.
     0 | D        | Reached XP level 1. HP: 11/11 MP: 2/2
     4 | D        | Reached skill level 2 in Short Blades
    12 | D        | Reached skill level 1 in Dodging
    12 | D        | Reached XP level 2. HP: 15/16 MP: 3/3
    37 | D        | Reached skill level 4 in Short Blades
    37 | D        | Reached XP level 3. HP: 20/20 MP: 4/4
    39 | D        | Reached skill level 5 in Short Blades
    39 | D        | Gained mutation: Your natural rate of healing is unusually
                  | fast. [Vine Stalker growth]
    39 | D        | Reached XP level 4. HP: 24/24 MP: 5/5
    40 | D        | Reached skill level 6 in Short Blades
    56 | D        | Found a roughly hewn altar of Beogh.
    56 | D        | Found a snail-covered altar of Cheibriados.
    56 | D        | Found a shadowy altar of Dithmenos.
    56 | D        | Found a white marble altar of Elyvilon.
    56 | D        | Found a blossoming altar of Fedhas.
    56 | D        | Found an opulent altar of Gozag.
    57 | D        | Found a hazy altar of Hepliaklqana.
    58 | D        | Found a viscous altar of Jiyva.
    59 | D        | Found an ancient bone altar of Kikubaaqudgha.
    60 | D        | Found a corrupted altar of Lugonu.
    61 | D        | Found a burning altar of Makhleb.
    62 | D        | Found a sparkling altar of Nemelex Xobeh.
    63 | D        | Found an iron altar of Okawaru.
    64 | D        | Found a stormy altar of Qazlal.
    65 | D        | Found a sacrificial altar of Ru.
    66 | D        | Found a deep blue altar of Sif Muna.
    67 | D        | Found a bloodstained altar of Trog.
    68 | D        | Found a hide-covered altar of Uskayaw.
    69 | D        | Found a radiant altar of Vehumet.
    70 | D        | Found an ornate altar of the Wu Jian Council.
    71 | D        | Found a shimmering altar of Xom.
    72 | D        | Found a basalt altar of Yredelemnul.
    73 | D        | Found a glowing silver altar of Zin.
    74 | D        | Found a glowing golden altar of the Shining One.
    76 | D        | Became a worshipper of Sif Muna the Loreminder
   121 | D        | Noticed an ogre
   121 | D        | Noticed a two-headed ogre
   123 | D        | Reached XP level 5. HP: 28/28 MP: 5/13
   127 | D        | Slain by a two-headed ogre

Vault maps used:
D:        linesprint

Skill      XL: |  1  2  3  4 |
---------------+-------------+-----
Short Blades   | 2 4 5 6 |  6.1
Shields        | 3 |  3.0
Fighting       | 3 |  3.1
Dodging        | 1 2 3 |  3.4
Armour         | 3 |  3.4
Spellcasting   | 4 |  4.8

Action                   |  1- 3 |  4- 6 || total
-------------------------+-------+-------++-------
Melee: Rapier            |    15 |     8 ||    23
       Bite              |     5 |     5 ||    10
Evoke: Wand              |       |     1 ||     1
  Use: Potion            |     1 |     1 ||     2
 Stab: Invisible         |       |     2 ||     2
Armor: Scale mail        |     1 |     1 ||     2
Dodge: Dodged            |     3 |     1 ||     4
Block: Shield            |     6 |     5 ||    11

Table legend:
 A = Non-vault XP
 B = Vault XP
 C = Vault XP percentage of total XP
 D = Non-vault monster count
 E = Vault monster count
 F = Vault count percentage of total count
                 A         B        C        D         E       F
            +---------+---------+-------+---------+---------+-------
      Total |       0 |     205 | 100.0 |       0 |      11 | 100.0
            +---------+---------+-------+---------+---------+-------
          D |       0 |     205 | 100.0 |       0 |      11 | 100.0
            +---------+---------+-------+---------+---------+-------
